 Dungeon Crawl Stone Soup version 0.17-a0-1646-geb1493d (console) character file.

84 Monkaria the Conjurer (level 4, 0/24 HPs)
             Began as a Deep Elf Conjurer on Aug 11, 2015.
             Slain by an iguana (7 damage)
             ... on level 4 of the Dungeon.
             The game lasted 00:02:01 (913 turns).

Monkaria the Conjurer (Deep Elf Conjurer)            Turns: 913, Time: 00:02:01

Health: 0/24       AC:  4    Str: 10    XL:     4   Next: 23%
Magic:  3/10       EV: 13    Int: 21    God:
Gold:   66         SH:  0    Dex: 15    Spells: 2 memorised, 6 levels left

rFire  . . .     SeeInvis .     (no weapon)
rCold  . . .     Clarity  .     a - +0 robe
rNeg   . . .     SustAt   .     (no shield)
rPois  .         Gourm    .     k - +0 helmet
rElec  .         Spirit   .     (no cloak)
rCorr  .         Warding  .     (no gloves)
rMut   .         Stasis   .     (no boots)
MR     .....                    (no amulet)
Stlth  ++........               (no ring)
                                (no ring)

@: mighty, very slightly contaminated, hasted, very quick, not resistant to
hostile enchantments, unstealthy
A: molten scales 1
a: no special abilities


You were on level 4 of the Dungeon.
You were not hungry.

You visited 1 branch of the dungeon, and saw 3 of its levels.

You collected 66 gold pieces.

Inventory:

Armour
 a - a +0 robe (worn)
 k - a +0 helmet (worn)
Magical devices
 m - a wand of digging (7)
Scrolls
 g - 2 scrolls of teleportation {unknown}
 i - a scroll of identify {unknown}
 l - a scroll of fog {unknown}
Books
 b - a book of Conjurations

   Spells                             Type                      Level
   a - Magic Dart                     Conjuration                  1
   b - Searing Ray                    Conjuration                  2
   c - Dazzling Spray                 Conjuration/Hexes            3
   d - Fulminant Prism                Conjuration/Hexes            4
   e - Iskenderun's Mystic Blast      Conjuration                  4
   f - Iskenderun's Battlesphere      Conjuration/Charms           5
Comestibles
 c - 2 bread rations
 j - a royal jelly
 n - 2 chunks of flesh


   Skills:
 - Level 2.4 Dodging
 - Level 2.4 Stealth
 - Level 3.0 Spellcasting
 + Level 6.3 Conjurations


You had 6 spell levels left.
You knew the following spells:

 Your Spells              Type           Power        Failure   Level  Hunger
a - Magic Dart            Conj           ####         1%          1    None
b - Searing Ray           Conj           ####..       1%          2    ##.....


Dungeon Overview and Level Annotations

Branches:
Dungeon (4/15)
 Temple: D:4-7

Altars:
Ru


Innate Abilities, Weirdness & Mutations

You are partially covered in molten scales (AC +1).


Message History

Aiming: Searing Ray
Press: ? - help, Shift-Dir - straight line The searing ray hits the iguana.
The iguana is lightly wounded.
The searing ray hits the iguana.
The iguana is heavily wounded.
The searing ray hits the iguana.
The iguana is severely wounded.
The searing ray misses the iguana.
The searing ray hits the orc.
You kill the orc!
The iguana barely misses you.
Casting: Searing Ray
Confirm with . or Enter, or press ? or * to list all spells.
Aiming: Searing Ray
Press: ? - help, Shift-Dir - straight line, f - iguana
Aim: an iguana (severely wounded)
The searing ray hits the iguana.
The iguana is severely wounded.
The iguana bites you!
You die...

#########
#.S......
#@# #l#
#)# #.#
#.# #.#
.# #.# .#
#.# .#
.#.# #.#
.##.#.#
#.


You could see an iguana and an adder.

Vanquished Creatures
  Natasha (D:4)
  2 adders (D:2)
  An ooze (D:1)
  An orc (D:4)
  5 bats
  2 giant cockroaches (D:1)
  A hobgoblin (D:1)
  8 jackals
  A giant newt (D:2)
  4 goblins (D:1)
  5 kobolds
  2 rats (D:1)
33 creatures vanquished.

Notes
Turn   | Place    | Note
--------------------------------------------------------------
     0 | D:1      | Monkaria the Deep Elf Conjurer began the quest for the Orb.
     0 | D:1      | Reached XP level 1. HP: 10/10 MP: 6/6
    74 | D:1      | Reached XP level 2. HP: 15/15 MP: 0/8
   162 | D:1      | Reached skill level 5 in Conjurations
   489 | D:1      | Learned a level 2 spell: Searing Ray
   513 | D:2      | Found a sacrificial altar of Ru.
   525 | D:2      | Reached XP level 3. HP: 17/19 MP: 1/9
   685 | D:2      | You fall through a shaft for 2 floors!
   798 | D:4      | Reached skill level 6 in Conjurations
   828 | D:4      | Noticed Natasha
   839 | D:4      | Killed Natasha
   839 | D:4      | Reached XP level 4. HP: 2/24 MP: 6/10
   903 | D:4      | Gained mutation: You are partially covered in molten scales (AC +1). [potion of beneficial mutation]
   913 | D:4      | Slain by an iguana

Vault maps used:
D:1:      elethiomel_arrival_quiet
D:2:      lemuel_crystal_altar, dk_vineyard_3
D:4:      kennysheep_little_box, serial_park_tiny_1, uniq_natasha

Action                   |  1- 3 |  4- 6 || total
-------------------------+-------+-------++-------
Melee: Unarmed           |    20 |       ||    20
 Cast: Magic Dart        |    61 |       ||    61
       Searing Ray       |     1 |     2 ||     3
  Use: Potion            |     1 |     3 ||     4
